 Dungeon Crawl Stone Soup version 0.32-a0-876-gcfddb08e57 (webtiles) character file.

Game seed: 13213510868843915928

3020 pokedragonboy the Prestidigitator (level 9, -1/68 HPs)
             Began as a Coglin Artificer on Apr 2, 2024.
             Was an Initiate of Gozag.
             Slain by a kobold brigand
             ... wielding a +0 dagger
              (5 damage)
             ... on level 8 of the Dungeon.
             The game lasted 00:23:22 (7880 turns).

pokedragonboy the Prestidigitator (CoAr)            Turns: 7880, Time: 00:23:31

Health: -1/68      AC: 11    Str: 16    XL:     9   Next: 85%
Magic:  9/9        EV:  7    Int: 11    God:    Gozag
Gold:   920        SH:  0    Dex: 15    Spells: 8/8 levels left

rFire   . . .        q - +0 hand axe (chaos) {Chang}
rCold   . . .        x - +2 flail (heavy) {Yae}
rNeg    . . .        w - +0 chain mail
rPois   .            (no helmet)
rElec   .            (no cloak)
rCorr   .            (no gloves)
SInv    .            o - +0 pair of boots
Will    +....        (amulet unavailable) Stlth
                     (ring unavailable)
HPRegen 0.31/turn    (ring unavailable)
MPRegen 0.11/turn    (no gizmo)

%: no passive effects
@: lethally poisoned (-1 -> -9), gold aura, enlightened, flying, hasted and
slowed, revved
A: off-hand wielding, slow wielding, warmup strikes, no jewellery
a: Invent Gizmo, Renounce Religion, Potion Petition, Call Merchant, Bribe Branch


You were on level 8 of the Dungeon.
You worshipped Gozag.
Gozag was pleased with you.
You visited 2 branches of the dungeon, and saw 9 of its levels.

You collected 981 gold pieces.
You paid 61 gold pieces to Gozag.

Inventory:

Hand Weapons
 g - a +2 dagger of holy wrath {Vusi}
 j - a +1 dagger of draining {Elena}
 p - a +0 hand axe {Marzena}
 q - a +0 hand axe of chaos (weapon) {Chang}
 x - a +2 heavy flail (offhand) {Yae}
Armour
 o - a +0 pair of boots (worn)
 w - a +0 chain mail (worn)
 A - a +0 plate armour
 B - an orb of mayhem
Talismans
 f - a beast talisman
Wands
 c - a wand of flame (23) (quivered)
 d - a wand of charming (11)
 e - a wand of iceblast (2)
 l - a wand of polymorph (17)
 m - a wand of mindburst (13)
 u - a wand of light (4)
Scrolls
 a - 3 scrolls of teleportation
 i - a scroll of enchant weapon
 n - a scroll of poison {unknown}
 r - a scroll of immolation
 t - a scroll of identify {unknown}
 v - a scroll of enchant armour {unknown}
 y - a scroll of fear {unknown}
Potions
 k - a potion of lignification
 z - a potion of heal wounds {unknown}


   Skills:
 + Level 5.3 Fighting
 * Level 7.7 Axes
 + Level 5.1 Armour
 - Level 1.0 Dodging
 - Level 1.0 Stealth
 * Level 10.9 Evocations


You had 8 spell levels left.
You didn't know any spells.
Your spell library contained the following spells:

 Spells                   Type           Power      Damage    Failure   Level
 Freeze                   Ice            0%         1d3       98%         1
 Magic Dart               Conj           0%         1d3       98%         1
 Cigotuvi's Dreadful Rot  Necr/Alch/Air  0%         N/A       99%         2
 Searing Ray              Conj           0%         2d4       99%         2
 Frozen Ramparts          Ice            0%         1d1       100%        3
 Hailstorm                Conj/Ice       0%         3d5       100%        3
 Sigil of Binding         Hex            0%         N/A       100%        3
 Fulminant Prism          Conj/Alch      0%         3d5       100%        4
 Ignite Poison            Fire/Alch      0%         N/A       100%        4
 Leda's Liquefaction      Alch/Erth      0%         N/A       100%        4
 Petrify                  Alch/Erth      0%         N/A       100%        4
 Freezing Cloud           Conj/Ice/Air   0%         6-21      100%        5
 Metabolic Englaciation   Hex/Ice        0%         N/A       100%        5
 Death Channel            Necr           0%         N/A       100%        6
 Sculpt Simulacrum        Ice/Alch       0%         N/A       100%        6


Dungeon Overview and Level Annotations

Branches:
Dungeon (8/15)             Temple (1/1) D:4            Lair (0/5) D:8

Altars:
Cheibriados
Dithmenos
Elyvilon
Gozag
Kikubaaqudgha
Makhleb
Nemelex Xobeh
Okawaru
Ru
Sif Muna
Trog
Uskayaw
Wu Jian
Xom
Yredelemnul
The Shining One

Shops:
D:3 *!

Annotations:
D:5 2 transporters, NotBatman's ghost, amateur MDFi
D:6 2 transporters, Posi's ghost, novice CoHu


Innate Abilities, Weirdness & Mutations

You can wield a second weapon in your off-hand.
It takes a long time for you to wield or remove held weapons.
Your first few attacks do less damage.
You cannot equip rings or amulets.


Message History

You kill the kobold!
You hit the kobold with your +0 hand axe of chaos. x2
You burn the kobold.
You kill the kobold!
You feel very sick.
The kobold brigand throws a curare-tipped dart.
The curare-tipped dart hits you.
You are more poisoned.
You have difficulty breathing.
* * * LOW HITPOINT WARNING * * *
You feel as though you will be slow longer.
The kobold is distracted by your dazzling golden aura.
The kobold barely misses you.
The kobold is distracted by your dazzling golden aura.
It was a potion of haste.
You feel yourself speed up.
* * * LOW HITPOINT WARNING * * *
You feel extremely sick. The kobold hits you but does no damage.
It was a potion of enlightenment.
You feel very buoyant.
You fly up into the air.
* * * LOW HITPOINT WARNING * * *
You feel very sick.
The kobold brigand hits you with a +0 dagger.
* * * LOW HITPOINT WARNING * * *
The kobold barely misses you.
The kobold shouts!
You hit the kobold with your +2 heavy flail.
The kobold is heavily wounded.
You closely miss the kobold with your +0 hand axe of chaos.
You hit the kobold brigand but do no damage.
You hit the kobold with your +0 hand axe of chaos.
The kobold is poisoned.
The kobold is no longer distracted by gold.
* * * LOW HITPOINT WARNING * * *
You feel very sick.
You kill the kobold!
The kobold brigand hits you with a +0 dagger.
You die...
Your body crumbles into a pile of gold.

##.# ...##
##....#
#.....+
#.....#
#.....
#.#K##.##.
#<@KK.....
#.#$......
#..K...#..
#.........
#...#.####
......#
.#?...# .
#...#


You could see a kobold brigand and 3 kobolds.

Vanquished Creatures
  Pikel (D:5)
  A human (D:3)
  2 water moccasins
  4 ice beasts
  2 wolves (D:8)
  4 ogres
  3 lemures (D:5)
  A bullfrog (D:7)
  4 scorpions
  4 wights (D:7)
  A jelly (D:5)
  An electric eel (D:8)
  2 orc priests (D:6)
  2 bombardier beetles (D:5)
  A gnoll bouda (D:7)
  6 hounds
  5 iguanas
  3 sleepcaps (D:6)
  4 orc wizards
  9 gnolls (D:7)
  5 adders
  5 ufetubi
  4 adder zombies (D:3)
  4 dart slugs
  3 ribbon worms
  23 orcs
  4 endoplasms
  2 giant cockroaches
  4 goblins
  7 hobgoblins
  4 jackals (D:3)
  7 quokkas
  5 ball pythons
  6 bats
  6 frilled lizards
  A jackal skeleton (D:3)
  11 kobolds
  A kobold zombie (D:3)
  A quokka zombie (D:3)
  6 rats
169 creatures vanquished.

Vanquished Creatures (others)
  An orc (D:5)
1 creature vanquished.

Grand Total: 170 creatures vanquished

Notes
Turn   | Place    | Note
-------+----------+-------------------------------------------
     0 | D:1      | pokedragonboy the Coglin Artificer began the quest for the
                  | Orb.
     0 | D:1      | Reached XP level 1. HP: 15/15 MP: 1/1
   159 | D:1      | Reached skill level 1 in Dodging
   162 | D:1      | Reached XP level 2. HP: 18/21 MP: 2/2
   163 | D:1      | Reached skill level 1 in Stealth
   412 | D:1      | Reached skill level 1 in Axes
   556 | D:1      | Reached XP level 3. HP: 25/26 MP: 3/3
  1375 | D:2      | Reached XP level 4. HP: 24/32 MP: 4/4
  1760 | D:3      | Found Qucrohen's Distillery.
  1901 | D:3      | Found Hakop's General Store.
  1917 | D:3      | Reached skill level 5 in Evocations
  1919 | D:3      | Noticed a human
  1923 | D:3      | Found a runed translucent door.
  1934 | D:3      | Found a basalt altar of Yredelemnul.
  1953 | D:3      | Killed a human
  2215 | D:3      | Found a faded altar of an unknown god.
  2328 | D:3      | Reached XP level 5. HP: 29/38 MP: 5/5
  2734 | D:4      | Found a bloodstained altar of Trog.
  2736 | D:4      | Found a shadowy altar of Dithmenos.
  2736 | D:4      | Found a white marble altar of Elyvilon.
  2740 | D:4      | Found an ancient bone altar of Kikubaaqudgha.
  2850 | D:4      | Found a staircase to the Ecumenical Temple.
  2868 | Temple   | Entered the Ecumenical Temple
  2885 | Temple   | Became a worshipper of Gozag Ym Sagoz the Greedy
  3228 | D:4      | Noticed an ogre
  3229 | D:4      | Killed an ogre
  3230 | D:4      | Reached skill level 6 in Evocations
  3230 | D:4      | Reached XP level 6. HP: 46/46 MP: 6/6
  3724 | D:5      | Entered Level 5 of the Dungeon
  3726 | D:5      | Found a shimmering blue altar of Sif Muna.
  4172 | D:5      | Reached XP level 7. HP: 51/51 MP: 7/7
  4188 | D:5      | Found a transporter.
  4219 | D:5      | Noticed NotBatman's ghost (amateur MDFi)
  4224 | D:5      | Found a transporter.
  4647 | D:5      | Reached skill level 7 in Evocations
  4918 | D:5      | Noticed Pikel
  4930 | D:5      | Killed Pikel
  4931 | D:5      | Reached skill level 5 in Axes
  4931 | D:5      | Reached skill level 8 in Evocations
  4931 | D:5      | Reached XP level 8. HP: 39/60 MP: 8/8
  5014 | D:5      | Found an ornate altar of the Wu Jian Council.
  5465 | D:5      | Reached skill level 9 in Evocations
  5736 | D:6      | Found a transporter.
  5739 | D:6      | Noticed a manticore
  5740 | D:6      | Noticed Posi's ghost (novice CoHu)
  5790 | D:6      | Reached XP level 9. HP: 25/66 MP: 9/9
  6324 | D:6      | Found a transporter.
  6763 | D:7      | Reached skill level 10 in Evocations
  7304 | D:7      | Reached skill level 5 in Fighting
  7403 | D:7      | Reached skill level 5 in Armour
  7744 | D:8      | Found a staircase to the Lair.
  7744 | D:8      | Noticed a troll
  7880 | D:8      | Slain by a kobold brigand

Illustrated notes

Levels and vault maps discovered:
D:1:      minmay_arrival_glassed_features, layout_loops_corners
D:2:      layout_loops_corners, chequers_serial_rivers_room_b
D:3:      layout_basic, dk_yredelemnul_ordeal,
          shapermc_ecumenical_altar_mp_urbaneastern, serial_shops, shop,
          nicolae_shop_tiny_waterfront, serial_undead, serial_undead_a,
          serial_undead_f, serial_undead_e, serial_undead_f
D:4:      layout_basic, minitemple, minmay_temple_entry_overgrown, minivault_14
D:5:      minmay_chambers_of_threes, layout_basic, nzn_wu_jian_council_hall,
          mainiacjoe_overflow_catwalk, gammafunk_ghost_smash, uniq_pikel
D:6:      layout_cave_pools, gammafunk_ghost_arena, serial_glass,
          glass_columns_a, glass_columns_a, due_unseen_surprise,
          feat_on_display, item_on_display_a
D:7:      dreamdust_elfheim, layout_basic, dreamdust_gnoll_farm
D:8:      layout_basic, grunt_qazlal_clouds, erik_lair_island, uniq_maggie
Temple:   nicolae_temple_figure_zero

Skill      XL: |  1  2  3  4  5  6  7  8  9 |
---------------+----------------------------+-----
Dodging        | 1 |  1.0
Stealth        | 1 |  1.0
Armour         | 2 3 4 5 |  5.1
Axes           | 1 2 3 5 6 7 |  7.7
Evocations     | 5 6 8 9 10 | 10.9
Fighting       | 2 3 4 5 |  5.3

Action                     |  1- 3 |  4- 6 |  7- 9 || total
---------------------------+-------+-------+-------++-------
  Melee: Dagger            |    99 |   249 |    21 ||   369
         Club              |    48 |       |       ||    48
         Hand axe          |       |       |   253 ||   253
         Flail             |       |       |    65 ||    65
  Evoke: Wand              |       |    10 |    27 ||    37
    Use: Scroll            |       |       |     5 ||     5
         Potion            |       |       |     3 ||     3
   Stab: Sleeping          |     3 |       |       ||     3
         Distracted        |       |     3 |     3 ||     6
         Invisible         |       |       |     2 ||     2
 Armour: Leather armour    |    45 |     2 |       ||    47
         Ring mail         |       |    91 |    49 ||   140
         Chain mail        |       |       |   124 ||   124
  Dodge: Dodged            |    30 |    62 |    87 ||   179

Table legend: (Time is in decaauts)
 A = Elapsed time spent in this place.
 B = Non-inter-level travel time spent in this place.
 C = Inter-level travel time spent in this place.
 D = Time resting spent in this place.
 E = Time spent auto-exploring this place.
 F = Levels seen in this place.
 G = Mean time per level.
                   A        B        C        D        E       F      G
               +--------+--------+--------+--------+--------+-----+--------+
         Total |   7926 |   7476 |    450 |   1083 |   4959 |   9 |  880.7 |
       Dungeon |   7899 |   7456 |    443 |   1083 |   4959 |   8 |  987.4 |
        Temple |     26 |     19 |      7 |      0 |      0 |   1 |   26.0 |
               +--------+--------+--------+--------+--------+-----+--------+

Top non-repeatable levels by time:
     D:5: 1688 daAuts
     D:4: 1324 daAuts
     D:7: 1255 daAuts
     D:1: 965 daAuts
     D:3: 960 daAuts
     D:6: 869 daAuts
     D:2: 788 daAuts
     D:8: 48 daAuts
  Temple: 26 daAuts
